 Dungeon Crawl Stone Soup version 0.21-a0-641-geef9d7f (webtiles) character file.

8 bappy the Conjurer (level 2, -2/15 HPs)
             Began as a Kobold Conjurer on Dec 30, 2017.
             Slain by a leopard gecko (3 damage)
             ... on level 1 of the Dungeon.
             The game lasted 00:01:51 (631 turns).

bappy the Conjurer (Kobold Conjurer)                 Turns: 631, Time: 00:01:51

Health: -2/15      AC:  2    Str:  5    XL:     2   Next: 15%
Magic:  5/5        EV: 15    Int: 16    God:
Gold:   0          SH:  0    Dex: 15    Spells: 4/5 levels left

rFire    . . .     SeeInvis .   f - +0 hand axe
rCold    . . .     Gourm    .   (shield restricted)
rNeg     . . .     Faith    .   a - +0 robe
rPois    .         Spirit   .   (no helmet)
rElec    .         Reflect  .   (no cloak)
rCorr    .         Harm     .   (no gloves)
MR       .....                  (no boots)
Stlth    ++........             (no amulet)
HPRegen  0.05/turn              (no ring)
MPRegen  0.09/turn              (no ring)

@: no status effects
A: small, carnivore
a: no special abilities


You were on level 1 of the Dungeon.
You were not hungry.

You visited 1 branch of the dungeon, and saw 1 of its levels.

Inventory:

Hand Weapons
 f - a +0 hand axe (weapon)
Armour
 a - a +0 robe (worn)
Scrolls
 e - a scroll of identify {unknown}
Potions
 d - a potion of might {unknown}
 g - a potion of berserk rage {unknown}
 h - a potion of curing {unknown}
 i - a potion of flight {unknown}
 j - a potion of mutation {unknown}
Books
 b - a book of Conjurations

   Spells                             Type                      Level
   a - Magic Dart                     Conjuration                  1
   b - Searing Ray                    Conjuration                  2
   c - Dazzling Spray                 Conjuration/Hexes            3
   d - Fulminant Prism                Conjuration/Hexes            4
   e - Force Lance                    Conjuration/Translocation    4
   f - Iskenderun's Mystic Blast      Conjuration                  4
Comestibles
 c - a ration


   Skills:
 - Level 2.4 Dodging
 - Level 2.6 Stealth
 + Level 2.4 Spellcasting
 + Level 4.3 Conjurations


You had 4 spell levels left.
You knew the following spells:

 Your Spells              Type           Power        Failure   Level  Hunger
a - Magic Dart            Conj           ###.         3%          1    #......


Dungeon Overview and Level Annotations

Branches:
Dungeon (1/15)

Altars:


Innate Abilities, Weirdness & Mutations

You are small and have problems with some larger weapons.
You are carnivorous and can eat meat at any time.


Message History

You miss the leopard gecko. The bat closely misses you.
The leopard gecko closely misses you. The leopard gecko bites you.
You hit the leopard gecko but do no damage.
The leopard gecko bites you. The bat completely misses you.
You barely miss the bat.
The bat is moderately wounded.
You hit the leopard gecko. The bat misses you. x2
The leopard gecko bites you. x2
* * * LOW HITPOINT WARNING * * *
The bat barely misses you.
You closely miss the bat. You barely miss the leopard gecko.
The bat barely misses you. x2; The leopard gecko bites you.
* * * LOW HITPOINT WARNING * * *
The bat hits you but does no damage.
You barely miss the bat. You closely miss the leopard gecko.
The bat closely misses you. The leopard gecko bites you.
* * * LOW HITPOINT WARNING * * *
The leopard gecko hisses menacingly.
The leopard gecko bites you.
You die...

#.#####.# #.# #.## ###
###..## ... ## #.....# #.#
#.# # #.###.### ..#.....
##.#.....# #.#.#.#
..)#.###.### ###g...#...
.....#.....# #@lK.....#
###..#.###.#####b###.##...
##....#......##.# #
##>....#.###..##.###.#
#........#...........#
.........#..####..##.#
#.................#
#........##..###..#
.....รท...##.......#


You could see a leopard gecko, a hobgoblin, a bat and a kobold.

Vanquished Creatures
  A dart slug (D:1)
  A goblin (D:1)
  A hobgoblin (D:1)
  A bat (D:1)
  A kobold (D:1)
  2 rats (D:1)
7 creatures vanquished.

Notes
Turn   | Place    | Note
-------+----------+-------------------------------------------
     0 | D:1      | bappy the Kobold Conjurer began the quest for the Orb.
     0 | D:1      | Reached XP level 1. HP: 10/10 MP: 3/3
   461 | D:1      | Reached XP level 2. HP: 8/15 MP: 0/5
   631 | D:1      | Slain by a leopard gecko

Vault maps used:
D:1:      saegor_arrival_simple_b, hangedman_abyss_or_decor_stabs

Action                   || total
-------------------------++-------
Melee: Unarmed           ||    14
       Hand axe          ||    11
 Cast: Magic Dart        ||    12
Armor: Robe              ||     6
Dodge: Dodged            ||    31

Table legend:
 A = Spawn XP
 B = Non-spawn XP
 C = Spawn XP percentage of total XP
 D = Spawn monster count
 E = Non-spawn monster count
 F = Spawn count percentage of total count
 G = Total turns spent on level
                    A         B        C        D         E        F      G
               +---------+---------+-------+---------+---------+-------+---------
         Total |       0 |      12 |   0.0 |       0 |       7 |   0.0 |   631
               +---------+---------+-------+---------+---------+-------+---------
           D:1 |       0 |      12 |   0.0 |       0 |       7 |   0.0 |   631
               +---------+---------+-------+---------+---------+-------+---------
